 Dungeon Crawl Stone Soup version 0.19.0-11-g3fc08b3 (webtiles) character file.

169 thirtiethelement the Skirmisher (level 5, -11/37 HPs)
             Began as an Octopode Wanderer on Nov 10, 2016.
             Mangled by Edmund
             ... wielding a +1 dire flail of protection
              (14 damage)
             ... on level 4 of the Dungeon.
             The game lasted 00:13:48 (2080 turns).

thirtiethelement the Skirmisher (Octopode Wanderer) Turns: 2080, Time: 00:13:49

Health: -11/37     AC:  1    Str: 12    XL:     5   Next: 50%
Magic:  5/5        EV: 14    Int: 18    God:
Gold:   194        SH:  0    Dex: 11    Spells: 0 memorised, 4 levels left

rFire  . . .     SeeInvis .     a - +2 short sword
rCold  . . .     Gourm    .     (no shield)
rNeg   . . .     Faith    .     (helmet restricted)
rPois  .         Spirit   .     (no amulet)
rElec  .         Reflect  .     h - +3 ring of intelligence
rCorr  .         Harm     .     (no ring)
MR     .....                    (no ring)
Stlth  +++.......               (no ring)
                                (no ring)
                                (no ring)
                                (no ring)
                                (no ring)

@: very slightly contaminated, invisible
A: almost no armour, stealthy swim, amphibious, 8 rings, constrict 8, camouflage
1, gelatinous body 1
a: no special abilities


You were on level 4 of the Dungeon.
You were not hungry.

You visited 1 branch of the dungeon, and saw 4 of its levels.

You collected 194 gold pieces.

Inventory:

Hand Weapons
 a - a +2 short sword (weapon)
 b - a +0 quarterstaff
Missiles
 d - 5 javelins (quivered)
Jewellery
 h - a +3 ring of intelligence (left tentacle)
Scrolls
 i - a scroll of remove curse
 l - 2 scrolls of enchant armour
 o - a scroll of fog
Potions
 c - 3 potions of curing
 e - a potion of haste {unknown}
 m - a potion of mutation {unknown}
 n - a potion of lignification {unknown}
 p - a potion of flight {unknown}
Comestibles
 f - a slice of pizza
 g - 2 beef jerkies
 j - 5 meat rations


   Skills:
 + Level 4.2 Fighting
 + Level 2.5(2.6) Short Blades
   Level 1.0(1.9) Long Blades
 + Level 3.9 Dodging
 + Level 3.4 Stealth
   Level 1.0 Shields


You had 4 spell levels left.
You didn't know any spells.

Dungeon Overview and Level Annotations

Branches:
Dungeon (4/15)
 Temple: D:4-7

Altars:
Uskayaw
The Shining One

Annotations:
D:3 jiveturtle's ghost, amateur DrWn
D:4 Edmund


Innate Abilities, Weirdness & Mutations

You cannot wear most types of armour.
You are very stealthy in the water. (Stealth+)
You are amphibious.
You can wear up to eight rings at the same time.
You can use your tentacles to constrict eight enemies at once.
Your skin changes colour to match your surroundings (Stealth+).
Your rubbery body absorbs attacks. (AC +1, EV +1)


Message History

Deactivating autopickup; reactivate with Ctrl-A.
You hit something but do no damage. Something barely misses you.
You hit something but do no damage. You squeeze something. You hit something.
Something hits you.
You hit something but do no damage. Your squeeze misses something.
Something hits you!
You closely miss something. Something barely misses you.
You closely miss something. You squeeze something.
Something hits you but does no damage.
You barely miss something. Something hits you!
You hit something but do no damage. Something hits you.
* * * LOW HITPOINT WARNING * * *
You feel better. Something hits you!
* * * LOW HITPOINT WARNING * * *
You fade into invisibility!
Something hits you.
* * * LOW HITPOINT WARNING * * *
You are very lightly contaminated with residual magic.
Something hits you!
You die...

.. #.# #####
#.# #...# #.#
#.... ..#
.####...####.#
........?.>..#
#.........#
###.#####@# #.
#.# .. #.# ###
#.#
#.##########
#...<.......
############


There were no monsters in sight!

Vanquished Creatures
  An orc wizard (D:3)
  Terence (D:2)
  3 adders
  A worm (D:3)
  2 leopard geckos
  12 orcs (D:3)
  A ball python (D:3)
  3 giant cockroaches
  10 goblins
  10 hobgoblins
  8 bats
  3 frilled lizards
  8 kobolds
  8 rats
71 creatures vanquished.

Vanquished Creatures (others)
  A leopard gecko (D:1)
  A bat (D:1)
2 creatures vanquished.

Grand Total: 73 creatures vanquished

Notes
Turn   | Place    | Note
-------+----------+-------------------------------------------
     0 | D:1      | thirtiethelement the Octopode Wanderer began the quest for the Orb.
     0 | D:1      | thirtiethelement set off with: a +2 short sword, a +0 quarterstaff, a potion of curing, a bread ration
     0 | D:1      | Reached XP level 1. HP: 16/16 MP: 1/1
    94 | D:1      | Reached XP level 2. HP: 11/21 MP: 2/2
   773 | D:1      | Reached XP level 3. HP: 21/26 MP: 3/3
  1186 | D:2      | Noticed Terence
  1205 | D:2      | Killed Terence
  1205 | D:2      | Reached XP level 4. HP: 19/33 MP: 4/4
  1334 | D:3      | Noticed jiveturtle's ghost (amateur DrWn)
  1343 | D:3      | Reached skill level 4 in Fighting
  1390 | D:3      | Reached XP level 5. HP: 16/37 MP: 5/5
  1860 | D:3      | Found a glowing golden altar of the Shining One.
  1861 | D:3      | Found a hide-covered altar of Uskayaw.
  2057 | D:4      | Noticed Edmund
  2080 | D:4      | Mangled by Edmund

Skill      XL: |  1  2  3  4 |
---------------+-------------+-----
Stealth        | 2 3 |  3.4
Fighting       | 4 |  4.2
Short Blades   | 2 |  2.5
Long Blades    | |  1.0
Dodging        | |  3.9
Shields        | |  1.0

Action                   |  1- 3 |  4- 6 || total
-------------------------+-------+-------++-------
Melee: Short sword       |    76 |    96 ||   172
       Constrict         |    20 |    17 ||    37
       Tentacles         |    10 |    14 ||    24
  Use: Scroll            |     7 |     3 ||    10
       Potion            |     1 |     3 ||     4
 Stab: Sleeping          |     7 |     4 ||    11
  Eat: Bread ration      |     1 |       ||     1
Armor: Skin              |     2 |       ||     2
Dodge: Dodged            |    42 |    61 ||   103
